 Dungeon Sprint DCSS version 0.28.0-53-g5a82cb258f (webtiles) character file.

Game seed: 4926358799044145246

73 Groucho the Ducker (level 4, -3/22 HPs)
             Began as a Felid Transmuter on June 6, 2022.
             Slain by a centaur warrior (5 damage)
             ... in the Dungeon (Sprint IX: "|||||||||||||||||||||||||||||").
             The game lasted 00:00:49 (429 turns).

Groucho the Ducker (Felid Transmuter)                Turns: 429, Time: 00:00:49

Health: -3/22      AC:  1    Str:  8    XL:     4   Next: 8%
Magic:  10/10      EV: 20    Int: 14    God:
Gold:   0          SH:  0    Dex: 17    Spells: 9/10 levels left
                                        Lives:  0   Deaths: 1

rFire   . . .      SeeInvis +     - Unarmed
rCold   . . .      Faith    .   (shield unavailable)
rNeg    . . .      Spirit   .   (armour unavailable)
rPois   .          Reflect  .   (helmet unavailable)
rElec   .          Harm     .   (cloak unavailable)
rCorr   .          Rampage  .   (gloves unavailable)
Will    .....      NoTele   +   (boots unavailable)
Stlth   +++.......              (no amulet)
HPRegen 0.07/turn               (no ring)
MPRegen 0.12/turn               (no ring)

@: hasted, very quick
A: very small, claws 1, fangs 3, see invisible, speed 1, shaggy fur 1, stealthy
paws, no weapons or thrown items, no armour, multi-lived
a: no special abilities


You were in the Dungeon.
You visited 1 branch

Inventory:

Scrolls
 f - a scroll of blinking
Potions
 a - a potion of curing
 b - a potion of heal wounds
 d - 2 potions of magic


   Skills:
 * Level 4.5 Fighting
 * Level 6.4 Dodging
 * Level 6.3 Stealth
 * Level 5.4 Unarmed Combat
 + Level 3.5 Spellcasting
 + Level 4.1 Transmutations


You had 9 spell levels left.
You knew the following spells:

 Your Spells              Type           Power      Damage    Failure   Level
a - Beastly Appendage     Tmut           26%        N/A       3%          1

Your spell library contained the following spells:

 Spells                   Type           Power      Damage    Failure   Level
 Wereblood                Tmut           13%        N/A       6%          2
 Spider Form              Tmut/Pois      8%         N/A       26%         3
 Ice Form                 Ice/Tmut       8%         N/A       65%         4


Dungeon Overview and Level Annotations

Branches:
Dungeon (1/1)

Altars:


Innate Abilities, Weirdness & Mutations

You have sharp claws.
You have razor-sharp teeth.
You have supernaturally acute eyesight. (SInv)
You cover ground quickly. (Speed+)
You are covered in fur. (AC +1)
Your paws help you pounce on unaware monsters.
You are incapable of wielding weapons or throwing items.
You cannot wear armour.
You gain extra lives every three experience levels.


Message History

Your Dodging skill increases to level 6!
Your Stealth skill increases to level 6!
Your Unarmed Combat skill increases to level 5!
Your Transmutations skill increases to level 4!
You have reached level 5!
You feel agile.
You claw the sky beast!
The sky beast is heavily wounded.
* * * LOW HITPOINT WARNING * * *
You feel sick.
You scratch the sky beast.
The sky beast is severely wounded.
* * * LOW HITPOINT WARNING * * *
You feel sick. The sky beast hits you.
* * * LOW HITPOINT WARNING * * *
The sky beast shocks you.
You die...
You are now level 4!
You rejoin the land of the living...
You open the door. 2 centaur warriors, a cyclops, a five-headed hydra and 2 vampire mosquitoes come into view.
The vampire mosquito buzzes angrily.
The centaur warrior shouts!
The cyclops shouts!
The five-headed hydra roars!
You feel yourself speed up.
The vampire mosquito buzzes angrily.
You pounce on the helpless centaur warrior from behind!
You mangle the centaur warrior!! Your bite misses the centaur warrior.
The centaur warrior is moderately wounded.
The centaur warrior closely misses you. The centaur warrior kicks you.
You barely miss the centaur warrior.
The centaur warrior is moderately wounded.
The centaur warrior hits you!
Ouch! That really hurt!
The centaur warrior kicks you.
You barely miss the centaur warrior.
The centaur warrior is moderately wounded.
The centaur warrior hits you.
* * * LOW HITPOINT WARNING * * *
The centaur warrior kicks you.
You die...

▓▓▓▓▓
▓...▓
▓.▓@▓
▓.▓c▓
▓.▓c▓
▓.▓C▓
▓.▓D▓
▓.▓.▓
▓.▓y▓
▓.▓y▓
▓.▓


You could see a five-headed hydra, 2 centaur warriors, a cyclops and 2 vampire
mosquitoes.

Vanquished Creatures
  An ogre (D)
  A scorpion (D)
  An endoplasm (D)
  A goblin (D)
  A bat (D)
  2 rats (D)
7 creatures vanquished.

Notes
Turn   | Place    | Note
-------+----------+-------------------------------------------
     0 | D        | Groucho the Felid Transmuter began the quest for the Orb.
     0 | D        | Reached XP level 1. HP: 9/9 MP: 4/4
    10 | D        | Reached skill level 1 in Stealth
    31 | D        | Banished a spatial maelstrom
   339 | D        | Noticed a scorpion
   339 | D        | Noticed a jelly
   339 | D        | Noticed a sky beast
   339 | D        | Noticed a scorpion
   339 | D        | Noticed an ogre
   344 | D        | Killed an ogre
   345 | D        | Reached skill level 5 in Dodging
   345 | D        | Reached skill level 5 in Stealth
   345 | D        | Reached XP level 2. HP: 15/15 MP: 5/7
   345 | D        | Reached XP level 3. HP: 18/18 MP: 5/8
   345 | D        | Reached XP level 4. HP: 22/22 MP: 5/9
   355 | D        | Killed a scorpion
   356 | D        | Reached skill level 5 in Unarmed Combat
   356 | D        | Reached XP level 5. HP: 7/25 MP: 5/11
   357 | D        | HP: 1/37 [sky beast (4)]
   357 | D        | Slain by a sky beast
   358 | D        | Reached XP level 4. HP: -4/33 MP: 5/10
   425 | D        | Noticed a centaur warrior
   425 | D        | Noticed a centaur warrior
   425 | D        | Noticed a cyclops
   425 | D        | Noticed a vampire mosquito
   425 | D        | Noticed a five-headed hydra
   425 | D        | Noticed a vampire mosquito
   429 | D        | Slain by a centaur warrior

Illustrated notes

Levels and vault maps discovered:
D:        linesprint [early_d, line_temple, items_1, d_10, items_2, lair_1,
          lair_end, items_3, orc_1, orc_end, items_4, d_15, swamp_1, shoals_1,
          snake_1, spider_1, d_20, vaults_1, items_5, swamp_end, shoals_end,
          snake_end, spider_end, vaults_end, d_27, items_6, zot_1, zot_end,
          crypt_end, forest_end, elf_end, slime_end, tomb_end, abyss_end,
          pan_hell_end]

Skill      XL: |  1  2  3  4 |
---------------+-------------+-----
Dodging        | 5 6 |  6.4
Stealth        | 5 6 |  6.3
Fighting       | 3 4 |  4.5
Unarmed Combat | 4 5 |  5.4
Spellcasting   | 3 |  3.5
Transmutations | 3 4 |  4.1

Action                   |  1- 3 |  4- 6 || total
-------------------------+-------+-------++-------
Melee: Unarmed           |    12 |    16 ||    28
       Punch             |     2 |     1 ||     3
       Bite              |     2 |       ||     2
  Use: Potion            |     1 |     1 ||     2
 Stab: Distracted        |       |     1 ||     1
Armor: Skin              |     1 |       ||     1
Dodge: Dodged            |     6 |     6 ||    12
